[Event "Late-Titled-Tuesday-Blitz-March-12-2024"]
[Site "Chess.com"]
[Date "2024.03.12"]
[Round "1"]
[White "BilodeauA"]
[Black "betta2004"]
[Result "1-0"]
[WhiteElo "3007"]
[BlackElo "2542"]
[TimeControl "180+1"]
[EndTime "14:07:46 PDT"]
[Termination "BilodeauA won by checkmate"]

1. e4 e5 2. Nf3 Nf6 3. Nxe5 Nxe4 4. d4 d6 5. Nf3 d5 6. Bd3 Bd6 7. O-O O-O 8. c4 c6 9. Re1 Bg4 10. Bxe4 dxe4 11. Rxe4 f5 12. Re1 Nd7 13. Nc3 Qf6 14. c5 Bc7 15. Qb3+ Kh8 16. Re6 Qf7 17. Ng5 Qh5 18. h3 Nf6 19. f3 h6 20. fxg4 fxg4 21.
Nce4 hxg5 22. Nxg5 gxh3 23. Qxh3 Qxh3 24. gxh3 Rad8 25. Be3 Nd5 26. Bf2 Rf5 27. Ne4 Nf4 28. Re7 Nxh3+ 29. Kg2 Nxf2 30. Nxf2 Bf4 31. Rd1 b6 32. b4 bxc5 33. bxc5 a5 34. Ne4 Kg8 35. Re6 Rb8 36. Kh3 Rb2 37. Kg4 Rf7 38. Re8+ Kh7 39. Rh1+ Bh6 40. Ng5+ Kg6 41. Nxf7 Kxf7 42. Rc8 Rxa2 43. Rxc6 Rd2 44. Rd6 Ke7 45. Re1+ Kf7 46. c6 Rc2 47. Rd7+ Kf6 48. c7 a4 49. Re8 a3 50.
c8=Q Rxc8 51. Rxc8 Bc1 52. Rc6# 1-0

[Event "Late-Titled-Tuesday-Blitz-March-12-2024"]
[Site "Chess.com"]
[Date "2024.03.12"]
[Round "1"]
[White "kids2010"]
[Black "Eloist"]
[Result "1-0"]
[WhiteElo "2762"]
[BlackElo "2432"]
[TimeControl "180+1"]
[EndTime "14:07:50 PDT"]
[Termination "kids2010 won on time"]

1. e4 e6 2. d3 d5 3. Qe2 dxe4 4. dxe4 b6 5. Nf3 Ba6 6. c4 Bb4+ 7. Nbd2 Nc6 8. a3 Bc5 9. b4 Nd4 10. Qd3 Nxf3+ 11.
Nxf3 Qxd3 12. Bxd3 Be7 13. Bb2 Nf6 14. Ne5 Bb7 15.
f3 O-O 16. Ke2 a5 17. Bc3 axb4 18. axb4 Rxa1 19. Rxa1 Ra8 20. Rxa8+ Bxa8 21. Bc2 Nh5 22.
g3 f6 23. Nd3 g5 24. Ba4 Kf7 25. c5 bxc5 26. bxc5 Ng7 27. Bd7 Bb7 28. e5 Ba6 29. c6 Nf5 30. Kd2 Bxd3 31. Kxd3 fxe5 32. Bxe5 Bd6 33.
Bc3 h5 34. Bc8 Ne7 35. Bd7 Nf5 36. Bd2 g4 37. f4 h4 38. Be1 hxg3 39. hxg3 Kf6 40.
Bf2 Kf7 41. Ke4 Kf6 42. Bc8 Ne7 43. Bb7 Nf5 44. Ba6 Ne7 45. Bd4+ Kf7 46. Bb5 Nf5 47. Bf2 Kf6 48. Bc4 Kf7 49. Be2 Kf6 50. Bxg4 Ne7 51. Bd4+ Kf7 52. Bh5+ Kf8 53. Bg4 Kf7 54. Be3 Nxc6 55.
Bh5+ Kf8 56. g4 Ne7 57. Bd4 Nc6 58. Bc3 Ne7 59. g5 Bxf4 60. Bf6 Bd6 61. g6 c5 62. g7+ Kg8 63. Bg4 1-0

[Event "Late-Titled-Tuesday-Blitz-March-12-2024"]
[Site "Chess.com"]
[Date "2024.03.12"]
[Round "1"]
[White "ncofre98"]
[Black "lluiss"]
[Result "1-0"]
[WhiteElo "2615"]
[BlackElo "2243"]
[TimeControl "180+1"]
[EndTime "14:07:51 PDT"]
[Termination "ncofre98 won on time"]

1. c4 Nf6 2. g3 c6 3. Nf3 d5 4. Bg2 g6 5. Qa4 Bg7 6. cxd5 Nxd5 7. O-O O-O 8. Nc3 Nb6 9. Qh4 e5 10. Qxd8 Rxd8 11. d3 h6 12. Be3 Nd5 13. Bd2 Be6 14.
Rfc1 Nd7 15. a3 a5 16. Rab1 a4 17. Nxd5 Bxd5 18. Bc3 Re8 19. Nd2 Bxg2 20. Kxg2 Nc5 21. Nc4 Nb3 22. Rd1 b5 23. Nd2 Nxd2 24. Bxd2 c5 25.
Be3 Bf8 26. Rdc1 Rec8 27. Rc2 Rc7 28. b4 Rac8 29. bxc5 Bxc5 30. Bxh6 Bxa3 31. Rxc7 Rxc7 32. Rxb5 Be7 33. Rxe5 Ra7 34. Be3 Rb7 35. Ra5 a3 36. Kf3 f6 37. h4 Kf7 38. Ra6 Rb2 39. Bd4 Rb4 40. e3 Rb3 41. Ke4 f5+ 42. Kd5 Rxd3 43. Ra7 Rd2 44. Kc4 Ke6 45. f4 a2 46. Kb3 Rg2 47. Rxa2 Rxg3 48. Kc4 Bxh4 49. Ra6+ Kd7 50. Kd5 Be7 51. Ra7+ Ke8 52. Ke6 1-0

[Event "Late-Titled-Tuesday-Blitz-March-12-2024"]
[Site "Chess.com"]
[Date "2024.03.12"]
[Round "1"]
[White "nindjaxx8"]
[Black "OverallStranger"]
[Result "0-1"]
[WhiteElo "2696"]
[BlackElo "2405"]
[TimeControl "180+1"]
[EndTime "14:07:52 PDT"]
[Termination "OverallStranger won by checkmate"]

1. d4 Nf6 2. c4 c5 3. d5 b5 4. cxb5 a6 5. e3 e6 6. Nc3 Bb7 7. dxe6 fxe6 8. Nf3 d5 9. Be2 Bd6 10.
O-O O-O 11. b3 e5 12. h3 Qe7 13. bxa6 Nxa6 14. Bb2 d4 15. exd4 exd4 16. Nb5 Bb8 17. Re1 Kh8 18. Bd3 Qf7 19. Ng5 Qd7 20. a4 Nc7 21.
Ne4 Nxe4 22. Bxe4 Nxb5 23. axb5 Rxa1 24. Qxa1 Qxb5 25. Bxb7 Qxb7 26. Qa5 Bd6 27. Qa4 Qf7 28. Rf1 Qf4 29. g3 Qf5 30. Qc6 Bxg3 31. Qg2 Bd6 32. b4 Rf6 33. bxc5 Rg6 34. cxd6 Rxg2+ 35. Kxg2 Qd5+ 36. Kg1 Qxd6 37. Rd1 Qg6+ 38. Kf1 h6 39. Bxd4 Qc2 40. Ke1 Qe4+ 41. Be3 Qh1+ 42. Ke2 Qxh3 43.
Rd8+ Kh7 44. Rd4 Qh5+ 45. Ke1 Qa5+ 46. Ke2 h5 47. Kf3 Qa1 48. Rd5 Qa8 49. Ke4 Kg6 50. Kd4 Qa1+ 51. Kc5 h4 52. Rg5+ Kf7 53. Rf5+ Kg8 54. Rf3 Qa5+ 55. Kd4 Qh5 56. Rh3 Qg4+ 57. f4 Qxh3 58. Ke4 Qg2+ 59. Kf5 h3 60. Ke5 h2 61. Kf5 h1=Q 62. Ke5 Qh5+ 63. Ke6 Qgd5+ 64. Ke7 Qhf7# 0-1

[Event "Late-Titled-Tuesday-Blitz-March-12-2024"]
[Site "Chess.com"]
[Date "2024.03.12"]
[Round "1"]
[White "Schattman"]
[Black "kingofthenil"]
[Result "0-1"]
[WhiteElo "2438"]
[BlackElo "2764"]
[TimeControl "180+1"]
[EndTime "14:07:58 PDT"]
[Termination "kingofthenil won by checkmate"]

1. Nf3 d6 2. d4 g6 3. g3 Bg7 4.
Bg2 e5 5. dxe5 dxe5 6. Qxd8+ Kxd8 7. O-O c6 8. c3 h6 9. Nbd2 Be6 10. Ne4 Nd7 11. Be3 Ne7 12. Nc5 Nxc5 13. Bxc5 Nc8 14. Nd2 Bf8 15. Bxf8 Rxf8 16. f4 Nd6 17. e4 Kc7 18. fxe5 Nc4 19. Nxc4 Bxc4 20. Rfd1 Rae8 21. b3 Be6 22. h3 Bc8 23. Rd6 Rxe5 24. Rad1 Be6 25.
R6d4 a5 26. Kh2 Re8 27. h4 Re7 28. R1d2 c5 29. Ra4 Rd7 30. Rxd7+ Bxd7 31. Rxa5 f5 32. b4 fxe4 33. Rxc5+ Rxc5 34. bxc5 Bf5 35. Kg1 Kc6 36. Kf2 Kxc5 37. Ke3 Kc4 38. Bxe4 Bxe4 39. Kxe4 Kxc3 40.
Ke5 b5 41. Kf6 Kb2 42. Kxg6 Kxa2 43. Kxh6 b4 44. g4 b3 45. g5 b2 46. g6 b1=Q 47. g7 Qc1+ 48. Kh7 Qc2+ 49. Kh8 Qc3 50. Kh7 Qd3+ 51. Kh8 Qd4 52. Kh7 Qxh4+ 53. Kg6 Qg4+ 54. Kf7 Qf5+ 55. Ke7 Qg5+ 56. Kf8 Qf6+ 57. Kg8 Kb3 58. Kh7 Qf7 59. Kh8 Qh5+ 60. Kg8 Kc4 61. Kf8 Qf5+ 62. Ke7 Qg6 63. Kf8 Qf6+ 64. Kg8 Kd5 65. Kh7 Qf5+ 66. Kh6 Qf7 67. Kh7 Qh5+ 68. Kg8 Ke6 69. Kf8 Qf7# 0-1

[Event "Late-Titled-Tuesday-Blitz-March-12-2024"]
[Site "Chess.com"]
[Date "2024.03.12"]
[Round "1"]
[White "Agent-JL"]
[Black "publicaccountcze"]
[Result "1-0"]
[WhiteElo "2601"]
[BlackElo "2201"]
[TimeControl "180+1"]
[EndTime "14:08:01 PDT"]
[Termination "Agent-JL won on time"]

1. e4 c6 2. Nc3 d5 3. Nf3 Nf6 4. Bd3 dxe4 5. Nxe4 Nxe4 6. Bxe4 Bg4 7. h3 Bh5 8. d4 e6 9. c3 Bd6 10. Qe2 Nd7 11.
g4 Bg6 12. Ng5 Bxe4 13. Nxe4 Qc7 14. Bg5 h6 15. Nxd6+ Qxd6 16. Bh4 Qd5 17. f3 O-O 18. O-O e5 19. dxe5 Qxe5 20. Qxe5 Nxe5 21. Rad1 f6 22. b3 Rad8 23. Bf2 Nxf3+ 24. Kg2 Nd2 25. Rfe1 Rd7 26.
Re2 Rfd8 27. Be1 Nf3 28. Rxd7 Nxe1+ 29. Rxe1 Rxd7 30. Re2 Kf7 31. c4 Rd4 32. Kf3 a5 33.
Ke3 c5 34. Rf2 h5 35. gxh5 Rh4 36. Rf5 b6 37. Rd5 Rxh3+ 38. Kf4 Ke6 39. Rd8 Rxh5 40.
Rb8 Rh4+ 41. Kg3 Rd4 42. Rxb6+ Kf5 43. Rb5 Rd3+ 44. Kf2 g5 45. Rxc5+ Kg4 46. Rxa5 f5 47. Rd5 Rh3 48. c5 Rh2+ 49. Ke3 f4+ 50. Ke4 Rxa2 51. c6 Rc2 52. Rd6 f3 53. Rf6 f2 54. Kd5 Kg3 55.
b4 Kg2 56. b5 f1=Q 57. Rxf1 Kxf1 58. b6 g4 59. b7 Rb2 60. c7 Rxb7 61. c8=Q Rf7 62.
Qxg4 Rf2 63. Kd4 Re2 64. Qf3+ Rf2 65. Qg3 Re2 66. Kd3 Rg2 67. Qh3 Kg1 68. Ke3 Re2+ 69. Kd3 Rg2 70. Qf3 Rf2 71. Qd1+ Rf1 72. Qg4+ Kf2 73.
Qe2+ Kg1 74. Ke3 Rf5 75. Qg4+ Kh1 76. Qxf5 1-0

[Event "Late-Titled-Tuesday-Blitz-March-12-2024"]
[Site "Chess.com"]
[Date "2024.03.12"]
[Round "1"]
[White "Payyappat"]
[Black "FairChess_on_YouTube"]
[Result "0-1"]
[WhiteElo "2564"]
[BlackElo "3109"]
[TimeControl "180+1"]
[EndTime "14:08:02 PDT"]
[Termination "FairChess_on_YouTube won by resignation"]

1. e4 c6 2. d4 d5 3. Nc3 dxe4 4. Nxe4 Bf5 5. Ng3 Bg6 6. Nf3 Nd7 7. h4 h6 8. Bd3 Bxd3 9. Qxd3 Ngf6 10. Bf4 Qa5+ 11. Bd2 Qa4 12. O-O e6 13. Rfe1 Be7 14. b3 Qa3 15. c4 O-O 16. c5 Nd5 17. Qc4 b5 18. Qd3 Rfd8 19. Qc2 Qa6 20. Nh5 N7f6 21. Nxf6+ Bxf6 22. Qe4 Rd7 23. g4 Qc8 24. g5 hxg5 25. hxg5 Bd8 26. g6 Nf6 27. gxf7+ Rxf7 28. Qxe6 Nd5 29. Ng5 Bxg5 30. Bxg5 Qxe6 31. Rxe6 Raf8 32. Bh4 Rf4 33.
Bg3 R4f6 34. Rae1 Kf7 35. Rd6 a5 36. Bh4 Rf4 37. Bg3 Rf6 38. Be5 Rg6+ 39. Rxg6 Kxg6 40.
Bg3 Kf7 41. Bd6 Re8 42. Be5 Ra8 43. Re3 Nxe3 44. fxe3 b4 45. Kf2 a4 46. e4 axb3 47. axb3 Ra2+ 48. Ke3 Ra3 49. d5 Rxb3+ 50. Kd4 Rc3 51.
dxc6 Ke6 52. c7 Kd7 53. Kd5 Rc2 54. Bxg7 b3 55. e5 b2 56. e6+ Kxc7 57. Be5+ Kc8 58. e7 Kd7 59. c6+ Kxe7 60. c7 0-1

[Event "Late-Titled-Tuesday-Blitz-March-12-2024"]
[Site "Chess.com"]
[Date "2024.03.12"]
[Round "1"]
[White "Polish_fighter3000"]
[Black "santosalberto1987"]
[Result "1-0"]
[WhiteElo "3132"]
[BlackElo "2567"]
[TimeControl "180+1"]
[EndTime "14:08:03 PDT"]
[Termination "Polish_fighter3000 won by resignation"]

1. e4 e6 2. d4 d5 3. Nc3 Nf6 4. e5 Nfd7 5. f4 c5 6. Nf3 Nc6 7. Be3 Qb6 8. Na4 Qa5+ 9. c3 b6 10. Bd2 c4 11. b4 Qa6 12. Be2 b5 13. Nc5 Nxc5 14. dxc5 Qb7 15. O-O Be7 16. a3 O-O 17. Qe1 a5 18. Qg3 f5 19. Nd4 Bd7 20. Be3 axb4 21.
axb4 Nxd4 22. Bxd4 Rxa1 23. Rxa1 Ra8 24. Qe1 Ra6 25. Kf2 Qa8 26. Rd1 Ra2 27. Ke3 Qa4 28.
Rd2 Rxd2 29. Qxd2 Qb3 30. g4 Qb1 31. Kf2 Bh4+ 32. Kg2 fxg4 33. Bxg4 Qg6 34. Qe2 h5 35. Kh3 Qxg4+ 36. Qxg4 hxg4+ 37. Kxh4 Kf7 38. Kxg4 g6 39. Kg5 Be8 40. Kh6 Bd7 41. Bf2 Be8 42. Kg5 Bd7 43. h4 Be8 44. h5 gxh5 45. f5 exf5 46. Kxf5 Bd7+ 47. e6+ Bxe6+ 48. Ke5 Ke7 49. Bh4+ Kd7 50. c6+ Kxc6 51. Kxe6 d4 52. cxd4 c3 53. d5+ Kb7 54.
d6 c2 55. Bg5 h4 56. d7 h3 57. d8=Q 1-0

[Event "Late-Titled-Tuesday-Blitz-March-12-2024"]
[Site "Chess.com"]
[Date "2024.03.12"]
[Round "1"]
[White "Rawnsdale"]
[Black "K_A_S_T_O_R"]
[Result "1/2-1/2"]
[WhiteElo "2500"]
[BlackElo "2856"]
[TimeControl "180+1"]
[EndTime "14:08:05 PDT"]
[Termination "Game drawn - insufficient material"]

1. e4 c5 2. Nf3 d6 3. d4 cxd4 4. Nxd4 Nf6 5. Nc3 a6 6. Rg1 h6 7. g4 g5 8. Be3 Nbd7 9. Bc4 Ne5 10. Be2 e6 11. Qd2 Qc7 12. O-O-O Bd7 13. Kb1 O-O-O 14. f4 gxf4 15. Bxf4 Bg7 16. g5 hxg5 17. Bxg5 Rdg8 18. h4 Be8 19. Nb3 Nfd7 20. Qxd6 Qxd6 21. Rxd6 Bf8 22. Rdd1 f6 23. Be3 Rxg1 24. Rxg1 Rxh4 25. Rf1 Bh6 26.
Bd4 Bf4 27. Bf2 Rh6 28. Bd4 Bg5 29. a4 Kc7 30. a5 Nc6 31. Bg1 Bg6 32. Bc4 Kd6 33. Bf2 Nce5 34. Bg3 Ke7 35. Be2 Rh3 36.
Bf2 Be3 37. Bxe3 Rxe3 38. Kc1 Rg3 39. Kd2 Rg2 40. Ke3 Rh2 41. Nd4 Bh5 42. Bxh5 Rxh5 43. Rg1 Nc4+ 44. Kf3 Nxb2 45. Rb1 Rh3+ 46. Ke2 Rxc3 47. Rxb2 Rc7 48. Kd2 Ne5 49. Rb4 Nc4+ 50.
Kd3 Nxa5 51. Rb6 Rd7 52. Kc3 Rd6 53. Rb1 Kd7 54. Rg1 Kc7 55. Rg6 e5 56. Nf5 Re6 57.
Rg7+ Kb6 58. Ne7 Nc6 59. Nd5+ Ka7 60. Rf7 Nd4 61. Rxf6 Rxf6 62. Nxf6 Kb6 63. Nd7+ Kb5 64. Nxe5 Ne6 65. Nc4 Nc5 66. e5 b6 67. Kd4 a5 68.
Kd5 a4 69. c3 Nd3 70. Na3+ Ka5 71. e6 Nf4+ 72. Kd6 Nxe6 73. Kxe6 b5 74. Kd5 b4 75. cxb4+ Kxb4 76. Nc4 Kb3 77. Kd4 a3 78. Nxa3 1/2-1/2

[Event "Late-Titled-Tuesday-Blitz-March-12-2024"]
[Site "Chess.com"]
[Date "2024.03.12"]
[Round "1"]
[White "Adar_07"]
[Black "GilbertoHernandezAmura"]
[Result "1-0"]
[WhiteElo "2800"]
[BlackElo "2449"]
[TimeControl "180+1"]
[EndTime "14:08:05 PDT"]
[Termination "Adar_07 won by resignation"]

1. Nf3 Nf6 2. d4 g6 3. Bg5 Bg7 4. Nc3 d5 5. Qd2 h6 6. Bxf6 Bxf6 7. e4 c6 8. O-O-O Qa5 9. e5 Bg7 10. Kb1 Bg4 11. Qf4 Bxf3 12. gxf3 e6 13. Rg1 Nd7 14. Bd3 Rf8 15. Qh4 Qd8 16. Qg4 Qe7 17. f4 O-O-O 18.
f5 exf5 19. Bxf5 Kb8 20. f4 Nb6 21. Bd3 h5 22. Qf3 Bh6 23. f5 gxf5 24. Ne2 h4 25.
Qxf5 Nc4 26. Bxc4 dxc4 27. c3 a5 28. Rg4 a4 29. a3 Rg8 30. Rdg1 Rxg4 31. Rxg4 Bf8 32.
Nf4 Ka7 33. Nh5 h3 34. Nf6 Qc7 35. Rg8 Qb6 36. Rxf8 Rxf8 37. Nd7 Qd8 38. Nxf8 Qxf8 39. Qxh3 Qg7 40. Qf1 Qg6+ 41. Ka2 Qh5 42. Qxc4 Qxh2 43. Qxf7 Qe2 44. Qf5 Qc4+ 45. Ka1 Qe2 46. Qb1 Kb6 47.
Qc1 Kb5 48. c4+ Kb6 49. Qc3 Qd1+ 50. Ka2 Qe2 51. Qb4+ Kc7 52. Qxa4 Kd7 53. Qb3 Qd2 54. Qxb7+ Kd8 55. Qb6+ Kd7 56. Qb7+ Kd8 57. Qxc6 1-0

[Event "Late-Titled-Tuesday-Blitz-March-12-2024"]
[Site "Chess.com"]
[Date "2024.03.12"]
[Round "1"]
[White "andrew-blr"]
[Black "carloseduar100"]
[Result "1/2-1/2"]
[WhiteElo "2639"]
[BlackElo "2310"]
[TimeControl "180+1"]
[EndTime "14:08:06 PDT"]
[Termination "Game drawn by repetition"]

1. d4 d5 2. c4 e5 3. dxe5 d4 4. Nf3 Nc6 5. a3 Nge7 6. e3 Bg4 7. Be2 dxe3 8. Qxd8+ Rxd8 9. Bxe3 Ng6 10. Nc3 Ngxe5 11.
Nxe5 Nxe5 12. Bxg4 Nxg4 13. Bf4 Bc5 14. O-O c6 15. h3 Nxf2 16. Rxf2 Bxf2+ 17. Kxf2 Rd4 18. Be5 Rxc4 19. Bxg7 Rg8 20. Re1+ Kd7 21. Be5 b5 22. Rd1+ Kc8 23. Rd6 a5 24. Rf6 b4 25. axb4 axb4 26. Na4 Rc2+ 27. Kf3 Rgxg2 28. Bd4 Rgd2 29. Bc5 Rh2 30.
Rxf7 Rxh3+ 31. Kg4 Rh6 32. Nb6+ Kd8 33. Rf8+ Kc7 34.
Rf7+ Kd8 35. Be3 Rg6+ 36. Kf5 Rxb2 37. Rf8+ Kc7 38. Rf7+ Kd8 39. Rxh7 Rgg2 40. Bg5+ Rxg5+ 41. Kxg5 b3 42. Rh3 Kc7 43. Na4 Ra2 44. Nc3 b2 45. Nb1 Ra1 46. Rh1 Ra4 47. Rh2 Rb4 48.
Kf5 Kb6 49. Ke5 Ka5 50. Rc2 Rb6 51. Kd6 Ka4 52. Kc5 Rb8 53. Rc3 Rb5+ 54. Kc4 Rb4+ 55. Kc5 Rb5+ 56. Kc4 Rb4+ 57. Kc5 Rb5+ 1/2-1/2

[Event "Late-Titled-Tuesday-Blitz-March-12-2024"]
[Site "Chess.com"]
[Date "2024.03.12"]
[Round "1"]
[White "AsaHoffmann"]
[Black "GaiozNigalidze"]
[Result "0-1"]
[WhiteElo "2404"]
[BlackElo "2718"]
[TimeControl "180+1"]
[EndTime "14:08:09 PDT"]
[Termination "GaiozNigalidze won by resignation"]

1. d4 Nf6 2. Bg5 Ne4 3. Bf4 d5 4. f3 Nf6 5. e4 dxe4 6. Nc3 exf3 7. Nxf3 e6 8. Bc4 Bd6 9. Bg5 Nbd7 10. Qe2 O-O 11.
O-O-O a6 12. Ne5 Nb6 13. Bb3 Be7 14. Rhf1 Nfd5 15. Bd2 Nxc3 16. Bxc3 Nd5 17. Bd2 Bg5 18. c4 Bxd2+ 19. Rxd2 Nf6 20. d5 exd5 21. cxd5 Qd6 22.
Nc4 Qc5 23. Kb1 Bg4 24. Qd3 Bh5 25. Ne3 Bg6 26. Nf5 Rfe8 27. Bc2 Rad8 28. Qb3 Rxd5 29. Rxd5 Qxd5 30. Qxd5 Nxd5 31. Nd4 Bxc2+ 32. Nxc2 Re2 33. Rd1 c6 34. Nd4 Rxg2 35. Nf5 g6 36. Nd6 Rxh2 37. Nxb7 h5 38. Nd8 Ne3 39. Re1 Nc4 40. Nxc6 Rxb2+ 41. Ka1 Rg2 42. Ne7+ Kg7 43. Nd5 h4 44. Nf4 Rf2 45. Nd3 Rd2 46. Nf4 g5 47. Rg1 f6 48.
Nh3 Kh6 49. Rh1 Kh5 50. Rg1 g4 51. Nf4+ Kg5 52. Ne6+ Kf5 53. Ng7+ Ke5 54. Nh5 g3 55. a4 g2 56. Re1+ Kf5 57. Ng7+ Kg4 58. Ne6 h3 59. Nc5 h2 60. Ne4 g1=Q 61. Nxd2 Qxe1+ 0-1

[Event "Late-Titled-Tuesday-Blitz-March-12-2024"]
[Site "Chess.com"]
[Date "2024.03.12"]
[Round "1"]
[White "AccioChess"]
[Black "MyDream003"]
[Result "0-1"]
[WhiteElo "2430"]
[BlackElo "2758"]
[TimeControl "180+1"]
[EndTime "14:08:11 PDT"]
[Termination "MyDream003 won on time"]

1. e4 c6 2. d4 d5 3. Nc3 dxe4 4. Nxe4 Nf6 5. Nxf6+ exf6 6. Nf3 Bd6 7. Bc4 O-O 8. O-O Re8 9. c3 Be6 10. Bxe6 Rxe6 11.
Qd3 Nd7 12. Bd2 Qc7 13. Rae1 Rae8 14. g3 b5 15. d5 Nc5 16. Qf5 g6 17. Qb1 cxd5 18.
Nd4 Rxe1 19. Rxe1 Qd7 20. f3 a6 21. Kf2 Rxe1 22. Bxe1 h5 23. Kg2 Qe8 24. Bf2 Na4 25.
Qc2 Bc5 26. b3 Nb6 27. Qd2 Nd7 28. h4 Kg7 29. Ne2 Bxf2 30. Kxf2 Nb6 31. Qd4 Qc6 32.
Nf4 a5 33. Nd3 a4 34. Nb4 Qd6 35. Nd3 axb3 36. axb3 Qc6 37. Nb4 Qd6 38. Kg2 Qe6 39.
Kf2 Kh7 40. Nd3 Qc6 41. Nf4 Kg7 42. Nd3 Qc7 43. Nf4 Qb7 44. Nd3 Qa7 45. Nb4 Qb7 46. Nd3 Nc8 47. Nb4 Ne7 48. Qc5 Qd7 49. Qd4 Qd6 50. Qd3 Qc5+ 51. Qd4 Qd6 52. Qd3 Qd7 53. Qd4 Nf5 54. Qxd5 Qa7+ 55. Ke2 Qe3+ 56. Kd1 Qxc3 57. Nd3 Ne3+ 58. Ke2 Nxd5 0-1

[Event "Late-Titled-Tuesday-Blitz-March-12-2024"]
[Site "Chess.com"]
[Date "2024.03.12"]
[Round "1"]
[White "CarlosjPineror"]
[Black "DonBroca"]
[Result "1/2-1/2"]
[WhiteElo "2604"]
[BlackElo "2235"]
[TimeControl "180+1"]
[EndTime "14:08:11 PDT"]
[Termination "Game drawn by stalemate"]

1. e4 c5 2. Nf3 g6 3. c3 Bg7 4. d4 cxd4 5. cxd4 d5 6. e5 Bg4 7.
Be2 e6 8. h3 Bxf3 9. Bxf3 Ne7 10.
O-O O-O 11. Nc3 Nbc6 12. Be3 Nf5 13. Qd2 f6 14. exf6 Bxf6 15. Ne2 Qb6 16. Rfd1 Rac8 17. Rac1 Qb4 18. Qxb4 Nxb4 19. a3 Nc2 20. Bg4 Ncxe3 21.
fxe3 Kf7 22. Bxf5 gxf5 23. Kf2 Ke7 24. Kf3 Bg5 25. Rxc8 Rxc8 26. Rc1 Rxc1 27. Nxc1 Kd6 28. Nd3 Bh6 29. g4 fxg4+ 30. hxg4 Bg5 31. Nc5 b6 32. Nd3 h6 33. a4 Bf6 34. b4 e5 35. dxe5+ Bxe5 36. b5 Bh2 37. Kg2 Be5 38. Kh3 Bf6 39. Kg3 Bg5 40. Kf3 Ke6 41. Nf4+ Ke5 42. Nd3+ Ke6 43.
Nb4 Kd6 44. Nc6 Kc5 45. Nxa7 Kb4 46. Nc8 Kc5 47. e4 dxe4+ 48. Kxe4 Bh4 49. Ke5 Bf2 50.
Ke6 Be3 51. Kd7 Kb4 52. Kc6 Ka5 53. Nxb6 Bxb6 54. Kb7 Be3 55. Kc6 Bd4 56. Kd5 Be3 57. Kc6 Kxa4 58. Kd5 Kxb5 59. Ke4 Bg5 60. Kf3 Kc6 61.
Kg2 Kd6 62. Kh1 Ke5 63. Kg2 Ke4 64. Kh1 Kf4 65. Kg2 Kxg4 66. Kh1 Bf4 67. Kg2 Bh2 68. Kh1 Kg3 1/2-1/2

[Event "Late-Titled-Tuesday-Blitz-March-12-2024"]
[Site "Chess.com"]
[Date "2024.03.12"]
[Round "1"]
[White "dodorox"]
[Black "Revan_2002"]
[Result "0-1"]
[WhiteElo "2145"]
[BlackElo "2590"]
[TimeControl "180+1"]
[EndTime "14:08:11 PDT"]
[Termination "Revan_2002 won by checkmate"]

1. d4 Nf6 2. c4 e6 3. Nc3 d5 4.
cxd5 exd5 5. Bg5 c6 6. e3 Be7 7. Bd3 h6 8. Bh4 Nbd7 9. Nf3 Nh5 10. Bxe7 Qxe7 11. O-O Nhf6 12. Rb1 a5 13. a3 O-O 14. b4 axb4 15. axb4 b5 16. Qc2 Nb6 17.
Ne5 Bd7 18. Ne2 Nc4 19. Bxc4 dxc4 20. Nc3 Ra3 21. Rfd1 Rfa8 22. Nxd7 Qxd7 23. Ne4 Nd5 24. Nc5 Qg4 25. h3 Qg5 26. Re1 Ra2 27. Rb2 Rxb2 28. Qxb2 Qg6 29. Ra1 Re8 30. Ra6 c3 31. Qb3 Kh7 32. Ra2 f5 33. Nd3 f4 34. Ne5 Qe4 35. Qc2 Qxc2 36. Rxc2 fxe3 37. fxe3 Ra8 38. e4 Nf4 39. g3 Nxh3+ 40. Kg2 Ng5 41. Rxc3 Ra2+ 42.
Kg1 Nxe4 43. Rxc6 Nxg3 44. d5 Rd2 45. d6 Ne2+ 46. Kf1 Nd4 47. Rc5 Ne6 48. d7 Nxc5 49. bxc5 b4 50. c6 b3 51. c7 b2 52. d8=Q b1=Q# 0-1

[Event "Late-Titled-Tuesday-Blitz-March-12-2024"]
[Site "Chess.com"]
[Date "2024.03.12"]
[Round "1"]
[White "ContrVersia"]
[Black "N4700000"]
[Result "1-0"]
[WhiteElo "2869"]
[BlackElo "2495"]
[TimeControl "180+1"]
[EndTime "14:08:12 PDT"]
[Termination "ContrVersia won on time"]

1. d4 Nf6 2. c4 Nc6 3. Nf3 e6 4. g3 d5 5. Bg2 dxc4 6. O-O Rb8 7. Nc3 b5 8. Ne5 Nxe5 9. dxe5 Nd7 10. Qc2 Bc5 11.
Ne4 O-O 12. Rd1 Qe7 13. Bg5 f6 14. exf6 Nxf6 15. b3 Bb7 16. Bxf6 gxf6 17. bxc4 b4 18. Nxc5 Qxc5 19. Rd7 Qh5 20. Bxb7 Rxb7 21. Qe4 Rb6 22. c5 Ra6 23. Rxc7 Qf5 24. Qxf5 exf5 25. Rb7 Rc6 26. Rxb4 Rxc5 27. Rf4 Rb8 28. a4 a5 29. Kg2 Kf7 30.
Rd1 Rb2 31. e3 Kg6 32. h3 Rb4 33. Rdd4 Rxd4 34. Rxd4 h5 35. Kf3 Kg5 36. h4+ Kg6 37. Kf4 Rc2 38. f3 Rc5 39. g4 fxg4 40. fxg4 hxg4 41.
Kxg4 Re5 42. Kf4 Rc5 43. Kf3 Kf5 44. Rf4+ Ke5 45. h5 Rc1 46. Rh4 Rc7 47. h6 Rh7 48. Rh5+ f5 49. e4 Ke6 50. Rxf5 Rxh6 51. Rxa5 Rh3+ 52.
Kf4 Ra3 53. Ra6+ Ke7 54. Ke5 Ra1 55. Ra7+ Kd8 56. Ke6 Rh1 57. e5 Rh6+ 58. Kd5 1-0

[Event "Late-Titled-Tuesday-Blitz-March-12-2024"]
[Site "Chess.com"]
[Date "2024.03.12"]
[Round "1"]
[White "Igor_Lysyj"]
[Black "Quattroporte300"]
[Result "1/2-1/2"]
[WhiteElo "2829"]
[BlackElo "2478"]
[TimeControl "180+1"]
[EndTime "14:08:13 PDT"]
[Termination "Game drawn by agreement"]

1. d4 d5 2. c4 dxc4 3. Nf3 Nf6 4. e3 Bg4 5. Bxc4 e6 6. Nc3 c5 7. Qa4+ Nbd7 8. Ne5 a6 9. Nxg4 Nxg4 10. dxc5 Ne5 11. Be2 Bxc5 12. O-O O-O 13. Rd1 Qe7 14. Qe4 b5 15. Bd2 Rad8 16. Be1 f5 17. Qb7 Nb8 18. Qxe7 Bxe7 19. b3 Kf7 20. Rxd8 Rxd8 21.
Rd1 Rxd1 22. Nxd1 Nbc6 23. f4 Nd7 24. Bf3 Nb4 25. Nc3 Bc5 26. Bd2 Ke7 27. Kf1 Kd6 28.
Ke2 g6 29. a3 Nd5 30. Nb1 N7f6 31.
Kd3 h5 32. h3 Nd7 33. a4 bxa4 34. bxa4 N7b6 35. a5 Nd7 36. Nc3 Nb4+ 37. Kc4 Nc2 38. e4 Ne3+ 39. Kd3 Nf1 40. e5+ Kc7 41. Na4 Nxd2 42. Kxd2 Bb4+ 43. Kd3 Bxa5 44. Bd1 Be1 45. Bb3 Nf8 46. Nc5 a5 47. Nxe6+ Nxe6 48. Bxe6 Bg3 49. Ke3 a4 50. Kf3 Be1 51. g4 hxg4+ 52. hxg4 fxg4+ 53.
Kxg4 a3 54. Ba2 Bd2 55. Kg5 Kd8 56. Kf6 Bxf4 57. e6 Bd6 58. Kxg6 Be7 59. Kf7 Bc5 60. Kf6 1/2-1/2

[Event "Late-Titled-Tuesday-Blitz-March-12-2024"]
[Site "Chess.com"]
[Date "2024.03.12"]
[Round "1"]
[White "Felix-Rose"]
[Black "reevecanada"]
[Result "0-1"]
[WhiteElo "2265"]
[BlackElo "2625"]
[TimeControl "180+1"]
[EndTime "14:08:15 PDT"]
[Termination "reevecanada won by resignation"]

1. d4 Nf6 2. Nc3 b6 3. Bf4 Bb7 4. Qd3 d6 5. O-O-O Nbd7 6. Nf3 c5 7. e4 Rc8 8. e5 Nd5 9. Nxd5 Bxd5 10. exd6 e6 11.
dxc5 Nxc5 12. Qb5+ Bc6 13. Qe2 Qf6 14. Be5 Qg6 15.
Kb1 Qe4 16. Qxe4 Bxe4 17. Bb5+ Nd7 18. Nd4 f6 19. Bg3 e5 20. f3 Bg6 21. Rhe1 Rc5 22. f4 e4 23. f5 Bxf5 24. Nxf5 Rxb5 25. Rxe4+ Kf7 26. Ne7 g6 27. c4 Rc5 28. b4 Rg5 29. Re2 Rg4 30. Rc1 Bh6 31. Rcc2 Re8 32. Be1 Ne5 33. h3 Rxc4 34. Rxc4 Nxc4 35. d7 Rd8 36. Rc2 Rxd7 37. Rxc4 Rxe7 38. Bg3 Re2 39. Rc7+ Ke6 40. Rxh7 Rxg2 41. Bb8 Bd2 42. Bxa7 Bxb4 43. Bxb6 Bc3 44. a4 Rb2+ 45. Kc1 Rxb6 46. Kc2 Be5 47. a5 Rb2+ 48. Kd3 Ra2 49. Ra7 Ra3+ 50. Kc4 Rxh3 51. a6 Rc3+ 52. Kb5 g5 53. Ra8 g4 54. a7 Ra3 55. Kb6 Bd4+ 56. Kb7 Rxa7+ 57. Rxa7 Bxa7 58.
Kxa7 g3 59. Kb6 g2 0-1

[Event "Late-Titled-Tuesday-Blitz-March-12-2024"]
[Site "Chess.com"]
[Date "2024.03.12"]
[Round "1"]
[White "grunbergmihai"]
[Black "stollenmonster"]
[Result "1/2-1/2"]
[WhiteElo "2502"]
[BlackElo "2861"]
[TimeControl "180+1"]
[EndTime "14:08:16 PDT"]
[Termination "Game drawn by repetition"]

1. Nf3 Nf6 2. c4 e6 3. g3 d5 4. Bg2 Be7 5. O-O O-O 6. d4 Ne4 7. Nbd2 f5 8. Ne5 c6 9. Qc2 Bd7 10. Ndf3 Be8 11. b3 g5 12. Nd3 Nd7 13. Nfe5 Nxe5 14.
Nxe5 h6 15. e3 Rc8 16. f3 Nf6 17. c5 Nd7 18. f4 Nxe5 19. dxe5 Bh5 20. Bb2 Qe8 21.
b4 Rf7 22. a4 Rg7 23. Bd4 Bg4 24. Rab1 a6 25. Qd3 Qh5 26. Rfc1 Be2 27. Qd2 Bc4 28.
Bf1 gxf4 29. exf4 Bxf1 30. Rxf1 Qg4 31. Qe3 h5 32. Qf3 Qg6 33. Rb2 Kh7 34. Rg2 Rcg8 35.
Kf2 h4 36. Ke2 Qf7 37. Rgg1 Rg4 38. Qd3 Qh5 39. Qf3 Kh6 40. Bf2 R8g6 41. h3 Rxg3 42. Bxg3 hxg3 43. Qxh5+ Kxh5 44. Kf3 Kh4 45. Rb1 a5 46. bxa5 Bxc5 47. Rg2 Rg7 48. a6 bxa6 49. Rb8 Rh7 50. Rxg3 Bd4 51. Re8 c5 52. Rxe6 c4 53.
Rf6 c3 54. Rxf5 c2 55. Rfg5 c1=Q 56. R5g4+ Kh5 57. Rg5+ Kh6 58. Rg6+ Kh5 59. R6g5+ Kh6 60. Rg6+ Kh5 61. R6g5+ 1/2-1/2